Map: Deathaura LE

Players

Infernox

  • Race: Terran Terran
  • League: Diamond
  • Spawn Location: 5:00

A.I. 1 (Very Easy) - Winner!

  • Race: Zerg Zerg
  • Spawn Location: 11:00

VOD

Have the link to the VOD?

Description

Time

  • Played on: Sept. 19, 2020, 9:47 a.m.
  • Length: 13:20
Show
View Real Time Build Order
Export as new Build Order

Infernox Terran 

Build Orders: Hellion Opening 

Get SALT Encoding   

  12  0:00  SCV  
  13  0:12  SCV  
  14  0:16  Supply Depot  
  14  0:24  SCV  
  14  0:27  Refinery  
  15  0:38  SCV  
  16  0:44  Barracks  
  16  0:50  SCV  
  17  1:02  SCV  
  18  1:14  SCV  
  19  1:30  Orbital Command  
  19  1:31  Barracks Reactor  
  19  1:41  Command Center  
  19  1:51  Factory  
  19  1:56  SCV  
  20  2:02  Supply Depot  
  20  2:07  Marine  
  20  2:08  Marine  
  22  2:10  SCV  
  23  2:24  SCV  
  23  2:25  Marine  
  23  2:26  Marine  
  26  2:36  Starport  
  26  2:37  Refinery  
  26  2:49  Hellion x2, Marine  
  31  2:53  Orbital Command  
  31  2:56  SCV  
  32  3:07  Marine  
  32  3:08  SCV  
  32  3:12  Hellion  
  38  3:13  Hellion  
  38  3:17  Medivac  
  40  3:26  Marine  
  41  3:28  Supply Depot  
  41  3:34  Armory  
  41  3:37  Hellion  
  41  3:40  Hellion  
  45  3:43  Marine  
  46  3:52  SCV x2  
  48  3:57  Fusion Core  
  48  4:00  Starport Tech Lab  
  48  4:04  SCV x2  
  48  4:09  Supply Depot  
  50  4:11  Hellion  
  50  4:14  Hellion  
  54  4:30  SCV x2  
  54  4:31  Supply Depot  
  56  4:42  SCV x2  
  56  4:44  Command Center  
  58  4:56  Battlecruiser  
  58  4:58  SCV  
  65  5:00  SCV  
  66  5:08  Supply Depot  
  66  5:10  Barracks Tech Lab, SCV  
  66  5:12  SCV  
  68  5:17  Supply Depot  
  68  5:21  Factory Tech Lab  
  68  5:23  SCV  
  68  5:24  SCV  
  68  5:26  Engineering Bay x2  
  70  5:34  Stimpack  
  70  5:36  Supply Depot  
  70  5:37  Refinery x2  
  70  5:38  SCV  
  70  5:39  SCV  
  72  5:52  Supply Depot  
  72  5:54  Terran Infantry Weapons Level 1  
  72  5:57  Orbital Command  
  72  5:59  SCV x2  
  72  6:00  Terran Infantry Armor Level 1  
  72  6:01  Marine  
  75  6:11  Barracks, SCV  
  76  6:12  SCV  
  76  6:13  Barracks  
  76  6:16  Siege Tank  
  80  6:21  Orbital Command  
  80  6:23  SCV  
  80  6:24  SCV  
  82  6:31  Marine  
  83  6:38  Barracks, SCV x2  
  83  6:39  Barracks  
  85  6:41  Starport Reactor  
  85  6:45  Terran Vehicle Weapons Level 1  
  85  6:48  Siege Tank  
  85  6:51  SCV x2  
  85  6:52  Supply Depot  
  85  6:54  Supply Depot, SCV, Marauder  
  92  6:59  Marine x2  
  92  7:01  Barracks Tech Lab  
  95  7:03  SCV x2  
  95  7:06  SCV  
  98  7:14  Combat Shield  
  98  7:15  SCV x2, Marauder  
  102  7:17  Marine x2  
  102  7:18  Medivac x2, SCV  
  111  7:23  Marauder  
  111  7:24  Supply Depot  
  111  7:27  SCV x2  
  111  7:28  Marine, Siege Tank  
  117  7:31  SCV  
  117  7:34  Marine, Refinery  
  117  7:35  Supply Depot  
  119  7:39  SCV  
  119  7:41  Marine x2, Marauder  
  126  7:44  Marauder  
  126  7:46  Concussive Shells  
  126  7:48  Supply Depot  
  128  7:51  Refinery  
  128  7:53  Barracks Reactor  
  126  8:00  Terran Infantry Weapons Level 2  
  126  8:01  Marine x2  
  126  8:02  Supply Depot, Marine  
  126  8:05  Marine  
  131  8:08  SCV x2  
  131  8:12  Supply Depot  
  133  8:13  Terran Infantry Armor Level 2  
  133  8:19  Marine x2  
  134  8:20  Command Center  
  134  8:21  Marauder  
  134  8:23  Marine x2  
  138  8:31  Marine  
  138  8:32  Marine  
  138  8:33  Supply Depot  
  140  8:34  Supply Depot  
  140  8:36  Siege Tank  
  140  8:37  Marine  
  140  8:41  Marine, Marauder  
  146  8:42  Marauder  
  146  8:43  Factory  
  146  8:44  Marine  
  150  8:50  Medivac x2  
  150  8:55  Marine x3  
  157  8:59  Marauder  
  157  9:01  Supply Depot, Marine  
  157  9:02  Marauder, Drilling Claws  
  162  9:04  Marauder  
  162  9:05  Supply Depot  
  164  9:12  SCV  
  164  9:13  Marine x2, SCV x2  
  164  9:14  Marine  
  172  9:19  Siege Tank  
  172  9:20  Medivac x2  
  172  9:21  Marine, Marauder  
  172  9:24  Marauder  
  182  9:25  Marine  
  182  9:31  Marine x2  
  185  9:32  Marine  
  186  9:39  Marine, Command Center  
  186  9:42  Marauder  
  186  9:45  Barracks x3, Marine  
  189  9:46  Marauder  
  189  9:47  Factory Reactor  
  189  9:48  Marine x2  
  189  9:49  Marine  
  189  9:50  Medivac  
  189  9:52  Sensor Tower  
  197  10:03  Marine  
  197  10:04  Marauder  
  200  10:14  Terran Vehicle And Ship Armor Level 1  
  200  10:16  Armory  
  200  10:18  Terran Infantry Weapons Level 3  
  200  10:30  Orbital Command  
  200  10:35  Barracks Reactor, Barracks Tech Lab  
  200  10:36  Barracks Reactor  
  200  10:38  Command Center  
  200  10:40  Refinery  
  200  10:42  Refinery  
  200  10:56  Starport  
  200  10:57  Starport  
  200  11:08  Command Center  
  198  11:24  Marine x2  
  200  11:26  Smart Servos  
  197  11:35  SCV x4  
  186  11:47  SCV  
  186  11:48  SCV x2  
  186  11:49  Marine x2  
  186  11:50  Widow Mine x2, Marauder  
  186  11:51  Widow Mine  
  199  11:57  Planetary Fortress  
  199  11:59  Planetary Fortress  
  199  12:01  Marine  
  199  12:03  Refinery  
  199  12:04  Command Center  
  200  12:14  Refinery  
  200  12:22  Refinery x2  
  200  12:30  Orbital Command  
  200  12:37  Command Center  
  200  12:39  Starport Reactor, Ghost Academy  
  200  12:40  Starport Reactor  
  200  12:49  Barracks x3  
  200  12:56  Marine  
Show
View Real Time Build Order
Export as new Build Order

A.I. 1 (Very Easy) Zerg - Winner!

Build Orders: Hatch First 

Get SALT Encoding   

  12  0:01  Drone  
  13  0:12  Overlord  
  13  0:16  Drone  
  14  0:41  Hatchery  
  13  0:45  Drone  
  14  1:05  Spawning Pool  
  14  1:06  Extractor  
  14  1:08  Drone  
  13  1:15  Drone  
  14  1:21  Overlord  
  14  1:51  Queen  
  14  1:52  Zergling x2  
  17  1:54  Zergling x2  
  18  2:01  Roach Warren  
  18  2:03  Extractor  
  18  2:05  Drone  
  17  2:13  Drone  
  17  2:15  Zergling x2  
  19  2:20  Drone  
  20  2:27  Drone  
  21  2:34  Drone  
  22  2:41  Drone  
  23  2:49  Drone  
  24  2:56  Drone  
  25  3:03  Drone  
  25  3:04  Roach  
  28  3:07  Overlord  
  28  3:11  Drone  
  29  3:18  Drone  
  30  3:26  Drone  
  31  3:33  Drone  
  32  3:40  Overlord  
  32  3:42  Drone  
  33  3:49  Drone, Lair  
  33  3:54  Roach  
  36  3:59  Drone  
  37  4:07  Drone  
  38  4:14  Drone  
  39  4:21  Drone  
  40  4:28  Drone  
  40  4:29  Overlord  
  41  4:36  Drone  
  42  4:43  Roach, Drone  
  45  4:47  Overseer  
  45  4:50  Overseer, Queen  
  45  4:51  Drone  
  43  4:58  Drone  
  34  5:04  Extractor  
  34  5:05  Drone  
  28  5:13  Drone  
  27  5:27  Drone  
  26  5:34  Drone  
  27  5:35  Queen  
  24  5:45  Zergling x2  
  25  5:51  Hatchery  
  24  5:57  Drone  
  24  5:59  Extractor  
  24  6:02  Roach Warren  
  22  6:14  Zergling x2  
  18  6:22  Queen  
  16  6:27  Drone  
  12  6:37  Drone  
  12  6:39  Drone  
  9  6:42  Zergling x2  
  9  6:43  Drone  
  8  6:50  Drone  
  8  6:54  Drone  
  7  7:11  Zergling x2  
  7  7:12  Drone  
  6  7:22  Drone  
  6  7:29  Drone x3  
  8  7:34  Drone  
Tags
 
Add a new tag
Caveats
  • Supply blocks, unpowered buildings, or Contaminate may cause inaccurate times.
  • Supply counts are checked every 10 seconds.